 Dungeon Crawl Stone Soup version 0.29-a0-923-g6e406bff71 (webtiles) character file.

Game seed: 14537892119784728698

52 2tc the Poker (level 3, 0/27 HPs)
             Began as a Merfolk Gladiator on July 28, 2022.
             Was a Believer of Kikubaaqudgha.
             Slain by a gnoll
             ... wielding a +0 halberd
              (1 damage)
             ... on level 2 of the Dungeon.
             The game lasted 00:04:58 (1705 turns).

2tc the Poker (Merfolk Gladiator)                   Turns: 1705, Time: 00:04:59

Health: 0/27       AC:  4    Str: 14    XL:     3   Next: 85%
Magic:  3/3        EV: 13    Int:  7    God:    Kikubaaqudgha [**....]
Gold:   57         SH:  0    Dex: 17    Spells: 2/2 levels left

rFire   . . .      SeeInvis .   f - +0 spear
rCold   . . .      Faith    .   (no shield)
rNeg    . . .      Spirit   .   b - +0 leather armour
rPois   .          Reflect  .   c - +0 helmet
rElec   .          Harm     .   (no cloak)
rCorr   .          Rampage  .   (no gloves)
Will    .....                   (no boots)
Stlth   +.........              (no amulet)
HPRegen 0.09/turn               (no ring)
MPRegen 0.08/turn               (no ring)

@: no status effects
A: (nimble swimmer 2), mertail
a: Renounce Religion, Unearth Wretches


You were on level 2 of the Dungeon.
You worshipped Kikubaaqudgha.
Kikubaaqudgha was pleased with you.
You visited 1 branch of the dungeon, and saw 2 of its levels.

You collected 57 gold pieces.

Inventory:

Hand Weapons
 a - a +0 trident
 f - a +0 spear (weapon)
Missiles
 d - 3 throwing nets (quivered)
 e - a javelin
Armour
 b - a +0 leather armour (worn)
 c - a +0 helmet (worn)
Potions
 g - a potion of haste
 i - a potion of resistance {unknown}
 j - a potion of curing {unknown}
 k - a potion of mutation {unknown}


   Skills:
 - Level 2.1 Fighting
 * Level 6.2 Polearms
 - Level 2.0 Throwing
 - Level 4.0 Dodging


You had 2 spell levels left.
You didn't know any spells.
Your spell library contained the following spells:

 Spells                   Type           Power      Damage    Failure   Level
 Necrotise                Necr           0%         1d4       52%         1
 Sublimation of Blood     Necr           0%         N/A       65%         2
 Anguish                  Hex/Necr       0%         N/A       99%         4
 Animate Dead             Necr           0%         N/A       99%         4
 Petrify                  Tmut/Erth      0%         N/A       99%         4
 Irradiate                Conj/Tmut      0%         3d11      100%        5


Dungeon Overview and Level Annotations

Branches:
Dungeon (2/15)

Altars:
Kikubaaqudgha

Shops:
D:1 (


Innate Abilities, Weirdness & Mutations

((You are very nimble when in or above water. (Stealth+, EV+, Speed+++)))
Your lower body shifts to a powerful aquatic tail in water.


Message History

Your Polearms skill increases to level 6!
The jackal barks!
Things that are here:
a +0 spear; a +0 ring mail A ball python comes into view.
The jackal bites you but does no damage.
The ball python hisses angrily.
You hit the jackal but do no damage. The jackal bites you.
The gnoll shouts!
You hit the jackal.
The jackal is almost dead.
You hear a shout!
The jackal bites you.
The jackal bites you but does no damage.
Things that are here:
a +0 spear; a +0 ring mail You closely miss the jackal.
The jackal is almost dead.
The jackal completely misses you.
You hit the jackal.
You kill the jackal!
Kikubaaqudgha accepts your kill.
You closely miss the ball python. The ball python bites you.
The ball python barely misses you.
You closely miss the ball python. The ball python barely misses you.
The ball python closely misses you.
You hit the ball python.
The ball python is moderately wounded.
The ball python misses you. The ball python closely misses you.
You hit the ball python.
You kill the ball python!
Kikubaaqudgha accepts your kill. The gnoll hits you with a +0 halberd!
You barely miss the gnoll. The gnoll hits you with a +0 halberd!
* * * LOW HITPOINT WARNING * * *
You hit the gnoll.
The gnoll is moderately wounded.
The gnoll hits you with a +0 halberd.
You die...
Kikubaaqudgha rasps: "You have failed me!
Welcome... death!"

### ..# . #.# #.≈
#.###....
#.#############......≈.
#...<....†..@g†...g.≈⌠≈
###################..≈.
. .≈...≈ .. # ..≈. .≈.


You could see 2 gnolls.

Vanquished Creatures
  A gnoll (D:2)
  2 dart slugs (D:1)
  An orc (D:1)
  4 ball pythons
  4 endoplasms (D:1)
  A giant cockroach (D:2)
  5 goblins (D:1)
  A hobgoblin (D:1)
  3 jackals
  2 quokkas (D:1)
  A bat (D:1)
  2 frilled lizards (D:1)
  4 kobolds (D:1)
  2 rats
33 creatures vanquished.

Notes
Turn   | Place    | Note
-------+----------+-------------------------------------------
     0 | D:1      | 2tc the Merfolk Gladiator began the quest for the Orb.
     0 | D:1      | Reached XP level 1. HP: 16/16 MP: 1/1
    33 | D:1      | Found Bomy's Weapon Emporium.
   153 | D:1      | Found a faded altar of an unknown god.
   154 | D:1      | Noticed a great orb of eyes
   156 | D:1      | Noticed a floating eye
   156 | D:1      | Noticed a shining eye
   156 | D:1      | Noticed a shining eye
   168 | D:1      | Reached XP level 2. HP: 22/22 MP: 2/2
   169 | D:1      | Prayed at the altar of an unknown god.
   169 | D:1      | Became a worshipper of Kikubaaqudgha
   169 | D:1      | Reached * piety under Kikubaaqudgha
   169 | D:1      | Received a gift from Kikubaaqudgha
   244 | D:1      | Reached skill level 5 in Polearms
   619 | D:1      | Reached XP level 3. HP: 10/27 MP: 3/3
  1650 | D:2      | Reached ** piety under Kikubaaqudgha
  1688 | D:2      | Reached skill level 6 in Polearms
  1704 | D:2      | HP: 1/27 [gnoll/+0 halberd (10)]
  1705 | D:2      | Slain by a gnoll

Illustrated notes

Levels and vault maps discovered:
D:1:      heliophobic_arrival_battle_scene, layout_loops_ring, serial_rivers,
          chequers_serial_rivers_marsh, chequers_serial_rivers_small_3,
          chequers_serial_rivers_room_a, chequers_serial_rivers_large_a,
          chequers_serial_rivers_micro_b,
          hellmonk_ecumenical_altar_watching_god, serial_shops,
          nicolae_shop_bloodbath_and_beyond, serial_bayou_pond_c, hex_medium,
          st_stairs_11, minmay_tall_x
D:2:      layout_loops_ring, kennysheep_doodads

Skill      XL: |  1  2  3 |
---------------+----------+-----
Polearms       | 5 6 |  6.2
Fighting       | |  2.1
Throwing       | |  2.0
Dodging        | |  4.0

Action                   || total
-------------------------++-------
Melee: Spear             ||   139
       Trident           ||     3
       Punch             ||     1
  Use: Scroll            ||     6
       Potion            ||     1
 Stab: Sleeping          ||     1
Armor: Leather armour    ||    19
Dodge: Dodged            ||    88

Table legend: (Time is in decaauts)
 A = Elapsed time spent in this place.
 B = Non-inter-level travel time spent in this place.
 C = Inter-level travel time spent in this place.
 D = Time resting spent in this place.
 E = Time spent auto-exploring this place.
 F = Levels seen in this place.
 G = Mean time per level.
                   A        B        C        D        E       F      G
               +--------+--------+--------+--------+--------+-----+--------+
         Total |   1636 |   1588 |     48 |    183 |   1155 |   2 |  818.0 |
       Dungeon |   1636 |   1588 |     48 |    183 |   1155 |   2 |  818.0 |
               +--------+--------+--------+--------+--------+-----+--------+

Top non-repeatable levels by time:
     D:1: 1495 daAuts
     D:2: 140 daAuts
